Map: Prion Terraces

Players

Pyris - Winner!

  • Race: Zerg Zerg
  • League: Diamond

Ultracaca

  • Race: Terran Terran
  • League: Diamond

VOD

Have the link to the VOD?

Description

Time

  • Played on: April 23, 2016, 8:08 p.m.
  • Length: 13:44
Show
View Real Time Build Order
Export as new Build Order

Pyris Zerg - Winner!

Build Orders: Hatch First, Ravager All-In 

Get SALT Encoding   

  12  0:01  Drone  
  13  0:12  Overlord  
  13  0:19  Drone  
  14  0:31  Drone x2  
  14  0:34  Drone  
  17  0:53  Hatchery  
  17  0:55  Drone  
  17  0:58  Drone  
  18  1:05  Extractor  
  18  1:07  Drone  
  18  1:18  Spawning Pool  
  18  1:21  Drone  
  18  1:28  Drone  
  19  1:38  Drone  
  20  1:49  Drone  
  20  1:53  Extractor  
  20  2:04  Drone  
  20  2:05  Queen  
  23  2:09  Drone, Roach Warren  
  23  2:18  Drone x2  
  25  2:23  Queen  
  27  2:37  Spine Crawler  
  26  2:46  Spine Crawler  
  26  2:50  Roach x2  
  28  2:59  Overlord  
  28  3:20  Overlord  
  28  3:21  Roach  
  28  3:25  Roach  
  32  3:30  Roach  
  34  3:35  Roach  
  34  3:39  Roach  
  38  4:02  Roach x3  
  44  4:05  Overlord x2  
  44  4:16  Overlord  
  44  4:24  Drone x4  
  47  4:27  Drone  
  47  4:31  Drone  
  50  4:45  Ravager x3  
  53  4:46  Ravager x3  
  53  4:47  Ravager  
  53  4:48  Roach  
  59  4:59  Drone x2  
  52  5:22  Drone x4  
  52  5:23  Drone x7  
  63  5:34  Roach  
  62  5:45  Drone x3  
  59  5:50  Roach  
  54  6:01  Roach  
  54  6:02  Roach  
  56  6:07  Burrow  
  54  6:15  Roach x2  
  58  6:19  Extractor x2  
  58  6:21  Lair  
  56  6:26  Hatchery  
  56  6:31  Spine Crawler  
  56  6:32  Spine Crawler x2  
  52  6:37  Ravager x2  
  54  6:44  Drone x3  
  54  6:45  Drone x3, Spine Crawler  
  59  6:48  Spine Crawler  
  59  6:53  Drone  
  59  6:54  Drone x4  
  62  6:56  Extractor  
  62  7:00  Drone  
  62  7:01  Extractor  
  62  7:32  Spire, Drone x2  
  62  7:35  Drone  
  64  7:38  Queen  
  64  7:42  Drone x2  
  64  7:43  Glial Reconstitution  
  68  7:52  Evolution Chamber  
  68  7:54  Evolution Chamber  
  66  7:59  Drone, Hatchery  
  66  8:00  Drone x8  
  66  8:01  Overlord x3  
  74  8:11  Extractor  
  72  8:34  Zerg Missile Weapons Level 1, Zerg Ground Armor Level 1  
  72  8:46  Mutalisk x10  
  92  8:56  Extractor  
  87  9:13  Mutalisk  
  87  9:14  Mutalisk x5  
  95  9:31  Queen  
  97  9:32  Queen  
  97  9:34  Drone x3  
  97  9:35  Drone x2  
  94  9:59  Mutalisk  
  96  10:21  Overlord x4  
  96  10:56  Mutalisk x9  
  108  11:12  Drone x4  
  108  11:13  Drone  
  111  11:34  Mutalisk x6  
  123  12:39  Drone  
  123  12:40  Drone x4  
Show
View Real Time Build Order
Export as new Build Order

Ultracaca Terran 

Build Orders:  

Get SALT Encoding   

  12  0:00  SCV  
  13  0:13  SCV  
  14  0:20  Supply Depot  
  14  0:25  SCV  
  15  0:41  SCV  
  16  0:47  Refinery  
  16  0:50  Barracks  
  16  0:53  SCV  
  17  1:05  SCV  
  18  1:17  SCV  
  19  1:30  SCV  
  20  1:38  Supply Depot, Reaper  
  20  1:43  Orbital Command  
  20  1:54  Supply Depot  
  20  2:09  SCV  
  21  2:20  Barracks Reactor  
  21  2:23  Command Center, SCV  
  21  2:25  Refinery  
  22  2:30  Factory  
  22  2:35  SCV  
  23  2:47  SCV  
  24  2:59  SCV  
  25  3:12  SCV  
  26  3:16  Barracks Tech Lab  
  26  3:24  Bunker, SCV  
  27  3:28  Hellion x2  
  27  3:33  Armory  
  31  3:36  SCV  
  32  3:45  Orbital Command  
  32  3:48  SCV  
  33  4:00  SCV  
  33  4:03  Siege Tank  
  36  4:12  SCV  
  36  4:15  Marine x2  
  39  4:22  Supply Depot  
  39  4:24  SCV  
  39  4:25  Starport  
  39  4:30  Bunker  
  40  4:33  Marine x2  
  40  4:35  Siege Tank  
  40  4:36  SCV  
  46  4:48  SCV x2  
  46  4:51  Marine x2  
  47  5:07  Siege Tank  
  47  5:08  Marine x2  
  47  5:18  Liberator  
  46  5:26  Marine x2  
  35  5:49  Siege Tank  
  25  6:07  Marine x2  
  25  6:08  SCV  
  25  6:09  SCV  
  28  6:19  Bunker  
  28  6:20  SCV  
  28  6:21  SCV, Siege Tank  
  33  6:32  SCV  
  34  6:33  SCV  
  35  6:44  SCV  
  35  6:45  SCV  
  35  6:46  Command Center  
  37  6:56  SCV  
  37  6:57  SCV  
  37  6:59  Refinery, Marine x2  
  41  7:05  Refinery  
  41  7:08  SCV, Medivac  
  41  7:10  SCV  
  45  7:17  Marine x2  
  45  7:20  SCV  
  45  7:22  SCV  
  49  7:31  Fusion Core  
  49  7:33  SCV  
  49  7:34  Marine x2, SCV  
  53  7:38  Supply Depot  
  53  7:39  Supply Depot  
  53  7:40  Supply Depot, Liberator  
  53  7:45  SCV  
  54  7:56  Supply Depot  
  54  7:57  Supply Depot, Marine x2, SCV x2  
  61  8:00  Orbital Command  
  61  8:09  SCV  
  62  8:16  SCV  
  61  8:21  SCV  
  62  8:28  SCV  
  61  8:42  Starport Tech Lab  
  61  9:03  Barracks x2  
  61  9:04  Barracks  
  61  9:06  Barracks  
  61  9:09  Liberator  
  61  9:15  Orbital Command  
  58  9:30  Marine x2  
  63  9:32  Starport  
  63  9:47  Marine x2  
  63  9:50  Marine x2  
  59  9:54  Marine  
  59  9:55  Marine  
  55  10:02  Thor  
  55  10:05  Marine x2  
  57  10:08  Marine x2  
  57  10:09  Medivac  
  57  10:12  Marine x2  
  46  10:22  Liberator  
  46  10:23  Marine x2  
  46  10:25  Marine  
  46  10:26  Marine  
  46  10:30  Marine x2  
  37  10:41  Marine x2  
  40  10:43  Marine x2  
  40  10:48  Marine x2  
  41  10:54  Thor  
  44  11:01  Marine  
  44  11:02  Marine  
  38  11:10  SCV  
  35  11:19  Marine x2  
  38  11:26  SCV  
  38  11:30  Marine x2  
  38  11:31  Marine  
  39  11:37  Marine  
  39  11:38  SCV  
  41  11:44  Thor  
  41  11:45  Marine  
  40  11:48  Marine x3  
  40  11:50  SCV  
  40  11:51  Engineering Bay  
  39  11:55  Marine  
  39  12:03  Marine  
Tags
 
Add a new tag
Caveats
  • Supply blocks, unpowered buildings, or Contaminate may cause inaccurate times.
  • Supply counts are checked every 10 seconds.